 Dungeon Crawl Stone Soup version 0.28-a0-245-g639a1a48b9 (webtiles) character file.

Game seed: 7402494071448442958

200 Demosthentine the Poker (level 5, -1/38 (41) HPs)
             Began as a Merfolk Gladiator on Aug 24, 2021.
             Was an Initiate of the Shining One.
             Slain by a phantom (2 damage)
             ... on level 4 of the Dungeon.
             The game lasted 00:04:43 (3590 turns).

Demosthentine the Poker (Merfolk Gladiator)         Turns: 3590, Time: 00:04:44

HP:   -1/38 (41)    AC:  7    Str: 15    XL:     5   Next: 78%
MP:   5/5           EV: 14    Int:  7    God:    the Shining One [......]
Gold: 39            SH:  0    Dex: 16    Spells: 4/4 levels left

rFire   . . .      SeeInvis .   k - +0 spear
rCold   . . .      Faith    .   (no shield)
rNeg    . . .      Spirit   .   b - +0 leather armour
rPois   .          Reflect  .   c - +0 helmet
rElec   .          Harm     .   a - +2 cloak
rCorr   .          Rampage  .   (no gloves)
Will    .....                   (no boots)
Stlth   +.........              (no amulet)
HPRegen 0.12/turn               (no ring)
MPRegen 0.09/turn               (no ring)

@: glowing, drained
A: (nimble swimmer 2), mertail
a: Renounce Religion


You were on level 4 of the Dungeon.
You worshipped the Shining One.
The Shining One was noncommittal.
You visited 1 branch of the dungeon, and saw 4 of its levels.

You collected 39 gold pieces.

Inventory:

Hand Weapons
 k - a +0 spear (weapon)
Missiles
 d - a throwing net (quivered)
Armour
 a - a +2 cloak (worn)
 b - a +0 leather armour (worn)
 c - a +0 helmet (worn)
Jewellery
 e - a +4 ring of protection
 g - a ring of flight
Scrolls
 j - 2 scrolls of teleportation
Potions
 h - a potion of resistance
 i - 2 potions of flight


   Skills:
 + Level 3.5 Fighting
 + Level 5.9 Polearms
 - Level 2.0 Throwing
 + Level 1.7 Armour
 + Level 5.4 Dodging


You had 4 spell levels left.
You didn't know any spells.
Your spell library contained the following spells:

 Spells                   Type           Power      Damage    Failure   Level
 Ensorcelled Hibernation  Hex/Ice        0%         N/A       65%         2
 Spider Form              Tmut/Pois      0%         N/A       86%         3
 Shadow Creatures         Summ           N/A        N/A       100%        6


Dungeon Overview and Level Annotations

Branches:
Dungeon (4/15)
 Temple: D:4-7

Altars:
Fedhas
The Shining One

Shops:
D:1 [


Innate Abilities, Weirdness & Mutations

((You are quick and stealthy near water. (Stealth+, EV+, Speed+++)))
Your lower body shifts to a powerful aquatic tail in water.


Message History

You hit the phantom.
The phantom is heavily damaged.
The phantom barely misses you. The necrophage closely misses you.
You hit the phantom but do no damage.
The phantom is heavily damaged.
The phantom hits you but does no damage.
The necrophage misses you.
You closely miss the phantom.
The phantom is heavily damaged.
The phantom hits you!
* * * LOW HITPOINT WARNING * * *
The phantom blinks!
You blink.
You see here a scroll of vulnerability.
Unknown command.
You hit the phantom but do no damage.
The phantom is heavily damaged.
The phantom hits you.
* * * LOW HITPOINT WARNING * * *
The phantom blinks!
You blink.
Unknown command.
You barely miss the phantom.
The phantom is heavily damaged.
You hit the phantom.
The phantom is severely damaged.
The phantom closely misses you.
You hit the phantom.
The phantom is almost destroyed.
The phantom hits you.
* * * LOW HITPOINT WARNING * * *
The phantom blinks!
You blink.
Unknown command.
Unknown command.
You closely miss the phantom.
The phantom is almost destroyed.
The phantom misses you.
Unknown command.
You hit the phantom.
The phantom is almost destroyed.
The phantom hits you.
You die...

.................#
.##.###..#.##§##.#
#§..# #../...§##.#
.#..# #.......##.#
##..# #<......##.##
#..###...........#
...##.........#..#
.............n#.W#
##.###.......§§.@.#
#.# ##..#.##.###.#
##.#.#..# .#
#......# .#
#.#.#..# .#
..#.#..# .# ####
#..# .. #.. ##


You could see a phantom and a necrophage.

Vanquished Creatures
  A crimson imp (D:3)
  An iguana (D:3)
  An orc wizard (D:3)
  5 adders
  9 orcs (D:3)
  2 bats
  3 endoplasms
  4 giant cockroaches
  5 goblins
  6 hobgoblins
  6 kobolds
  A quokka (D:1)
  6 ball pythons
  A goblin skeleton (D:3)
  3 hobgoblin zombies (D:3)
  A kobold zombie (D:3)
  An orc skeleton (D:3)
  An orc zombie (D:3)
  4 rats
61 creatures vanquished.

Notes
Turn   | Place    | Note
-------+----------+-------------------------------------------
     0 | D:1      | Demosthentine the Merfolk Gladiator began the quest for the
                  | Orb.
     0 | D:1      | Reached XP level 1. HP: 16/16 MP: 1/1
    71 | D:1      | Found a faded altar of an unknown god.
    71 | D:1      | Found Henih's Antique Weapon Emporium.
   120 | D:1      | Found Noezuf's Armour Shop.
   133 | D:1      | Reached XP level 2. HP: 22/23 MP: 2/2
   399 | D:1      | Reached XP level 3. HP: 17/28 MP: 3/3
  1427 | D:2      | Reached skill level 5 in Polearms
  1873 | D:3      | Reached skill level 1 in Armour
  2032 | D:3      | Reached XP level 4. HP: 35/35 MP: 4/4
  2132 | D:3      | Found a glowing golden altar of the Shining One.
  2175 | D:3      | Reached skill level 5 in Dodging
  2175 | D:3      | Reached XP level 5. HP: 36/41 MP: 5/5
  2175 | D:3      | Became a worshipper of the Shining One
  2657 | D:3      | Found a blossoming altar of Fedhas.
  3203 | D:4      | Noticed a phantom
  3253 | D:4      | Noticed a necrophage
  3258 | D:4      | HP: 2/41 [iguana (4)]
  3286 | D:3      | The Shining One protects you from harm!
  3588 | D:4      | HP: 1/38 [phantom (4)]
  3590 | D:4      | Slain by a phantom

Illustrated notes

Levels and vault maps discovered:
D:1:      minmay_arrival_cross, layout_basic, serial_shops, nicolae_shop_trees,
          nicolae_shop_waterfront,
          hellmonk_ecumenical_altar_pennies_from_heaven, serial_park_tiny_pond
D:2:      layout_loops_corners, hangedman_glass_teeth
D:3:      layout_basic, fedhas_altar_4, nicolae_tso_besieged_by_evil,
          kennysheep_donut
D:4:      layout_loops_ring, grunt_temple_overflow_open,
          hangedman_abyss_or_decor_jellyfish_corner, minivault_26,
          chequers_serial_rivers_micro_c, serial_bayou_lagoon_b

Skill      XL: |  1  2  3  4 |
---------------+-------------+-----
Polearms       | 5 |  5.9
Armour         | 1 |  1.7
Fighting       | 3 |  3.5
Dodging        | 5 |  5.4
Throwing       | |  2.0

Action                   |  1- 3 |  4- 6 || total
-------------------------+-------+-------++-------
Melee: Trident           |   112 |    24 ||   136
       Spear             |       |   214 ||   214
Throw: Throwing net      |       |     3 ||     3
  Use: Scroll            |     6 |     1 ||     7
 Stab: Sleeping          |     1 |       ||     1
Armor: Leather armour    |    31 |    51 ||    82
Dodge: Dodged            |    52 |   114 ||   166

Table legend: (Time is in decaauts)
 A = Elapsed time spent in this place.
 B = Non-inter-level travel time spent in this place.
 C = Inter-level travel time spent in this place.
 D = Time resting spent in this place.
 E = Time spent auto-exploring this place.
 F = Levels seen in this place.
 G = Mean time per level.
                   A        B        C        D        E       F      G
               +--------+--------+--------+--------+--------+-----+--------+
         Total |   3545 |   3494 |     51 |    252 |   2632 |   4 |  886.2 |
       Dungeon |   3545 |   3494 |     51 |    252 |   2632 |   4 |  886.2 |
               +--------+--------+--------+--------+--------+-----+--------+

Top non-repeatable levels by time:
     D:3: 1610 daAuts
     D:2: 1143 daAuts
     D:1: 712 daAuts
     D:4: 78 daAuts
